 Dungeon Crawl Stone Soup version 0.30-a0-528-g8c47a4955b (webtiles) character file.

Game seed: 165131605124574366

1668 jlumianski the Chopper (level 8, -5/65 HPs)
             Began as a Demonspawn Fighter on Dec 24, 2022.
             Was a Believer of Qazlal.
             Slain by a death yak (19 damage)
             ... on level 7 of the Dungeon.
             The game lasted 00:19:12 (6345 turns).

jlumianski the Chopper (Demonspawn Fighter)         Turns: 6345, Time: 00:19:13

Health: -5/65      AC: 18    Str: 29    XL:     8   Next: 69%
Magic:  11/11      EV:  8    Int:  9    God:    Qazlal [**....]
Gold:   295        SH:  9    Dex: 16    Spells: 7/7 levels left

rFire   . . .      SeeInvis .    a - +0 war axe
rCold   . . .      Faith    .    x - +1 buckler "Caoba" {Str+5}
rNeg    . . .      Spirit   .    y - +0 chain mail
rPois   .          Reflect  .    (no helmet)
rElec   .          Harm     .    (no cloak)
rCorr   .          Rampage  .    (no gloves)
Will    .....                    F - +2 pair of boots Stlth
                                 (no amulet)
HPRegen 0.30/turn                j - +6 ring of strength
MPRegen 0.12/turn                G - +4 ring of protection

@: no status effects
A: rugged brown scales 1, demonic guardian 2, talons 1, agile 1, passive freeze
a: Renounce Religion, Upheaval


You were on level 7 of the Dungeon.
You worshipped Qazlal.
Qazlal was pleased with you.
You visited 2 branches of the dungeon, and saw 9 of its levels.

You collected 295 gold pieces.

Inventory:

Hand Weapons
 a - a +0 war axe (weapon)
 f - a +2 flail of protection
 n - a +2 rapier of venom
Missiles
 g - 42 stones
 t - a boomerang
 w - 9 poisoned darts (quivered)
 J - 4 javelins
Armour
 b - a +0 scale mail
 c - a +1 buckler
 m - a +2 leather armour of fire resistance
 o - a +0 ring mail of willpower
 x - the +1 buckler "Caoba" (worn) {Str+5}
   (You acquired it on level 3 of the Dungeon)

   Str:       It affects your strength (+5).
 y - a +0 chain mail (worn)
 F - a +2 pair of boots (worn)
Magical Staves
 H - a staff of earth
Jewellery
 j - a +6 ring of strength (left hand)
 s - a ring of poison resistance
 u - a +4 ring of evasion
 G - a +4 ring of protection (right hand)
Wands
 v - a wand of charming (19)
 D - a wand of mindburst (7)
Scrolls
 h - a scroll of enchant armour
 q - 4 scrolls of teleportation
 z - a scroll of immolation
 C - 3 scrolls of magic mapping
Potions
 d - 2 potions of might
 e - a potion of degeneration
 i - a potion of lignification
 k - 4 potions of brilliance
 l - a potion of haste
 p - a potion of flight
 r - a potion of invisibility {unknown}
 A - a potion of heal wounds
 B - a potion of cancellation {unknown}
 E - a potion of mutation
 I - a potion of curing
 K - a potion of ambrosia


   Skills:
 * Level 5.7 Fighting
 + Level 6.4 Axes
 + Level 1.3 Throwing
 + Level 5.0 Armour
 + Level 1.1 Dodging
 + Level 4.0 Shields
 * Level 4.5 Invocations


You had 7 spell levels left.
You didn't know any spells.
Your spell library contained the following spells:

 Spells                   Type           Power      Damage    Failure   Level
 Dazzling Flash           Conj/Hex       0%         N/A       100%        3
 Stone Arrow              Conj/Erth      0%         3d7       100%        3
 Animate Armour           Summ/Erth      0%         N/A       100%        4
 Iskenderun's Mystic Bla  Conj/Tloc      0%         2d3       100%        4
 Starburst                Conj/Fire      0%         6d3       100%        6
 Lehudib's Crystal Spear  Conj/Erth      0%         10d2      100%        8


Dungeon Overview and Level Annotations

Branches:
Dungeon (8/15)             Temple (1/1) D:4
   Lair: D:8-11

Altars:
Fedhas
Gozag
Hepliaklqana
Kikubaaqudgha
Nemelex Xobeh
Qazlal
Ru
Trog
Uskayaw
Wu Jian
Xom
Yredelemnul


Innate Abilities, Weirdness & Mutations

You are partially covered in rugged brown scales. (AC +1, +3% HP)
A demonic guardian rushes to your aid.
You have sharp toenails.
You are agile. (Dex +4, Str/Int -1)
A frigid envelope surrounds you and freezes all who hurt you.


Message History

The death yak bellows!
The orc barely misses you. You block the orc's attack.
There is a stone staircase leading up here.
The death yak gores you!
The death yak is very cold.
The death yak is lightly wounded.
The orc hits you but does no damage.
The orc is very cold.
The orc is almost dead.
The orc hits you but does no damage.
The orc is very cold.
The orc is almost dead.
You climb upwards.
There is a stone staircase leading down here.
You slice the orc!!
You kill the orc!
Qazlal accepts your kill.
You hit the death yak. You slash the orc!
You kill the orc!
Qazlal accepts your kill.
The death yak gores you but does no damage.
The death yak is very cold.
The death yak is lightly wounded.
You slash the death yak!
The death yak is lightly wounded.
You block the death yak's attack. The death yak gores you!
The death yak is very cold.
The death yak is moderately wounded.
You slash the death yak!
The death yak is heavily wounded.
The death yak completely misses you.
You slash the death yak!
The death yak is severely wounded.
The death yak gores you!
The death yak is very cold.
The death yak is severely wounded.
You barely miss the death yak.
The death yak is severely wounded.
The death yak gores you!
* * * LOW HITPOINT WARNING * * *
A demonic guardian appears!
The death yak is very cold.
The death yak is severely wounded.
The death yak attacks as you move away! The death yak gores you!!
You die...

..# ##.# #... #..# #..#
###########..#
......)@..#..#
......))Y.#..###########
......4...#.............
..........#.###...#.....
........................
#########.#.###...######
#...# #...#
################
#...........


You could see a death yak (ally target) and a friendly ice devil (summoned).

Vanquished Creatures
  Eustachio (D:5)
  A water moccasin (D:3)
  An ice beast (D:5)
  2 ogres (D:6)
  A bullfrog (D:6)
  A necrophage (D:6)
  A gnoll sergeant (D:4)
  2 scorpions (D:6)
  A howler monkey (D:5)
  A hound (D:6)
  2 orc priests (D:6)
  2 jellies
  2 iguanas
  6 orc wizards
  12 gnolls
  An adder (D:3)
  2 worms
  A dart slug (D:2)
  28 orcs
  9 ball pythons
  9 endoplasms
  A giant cockroach (D:3)
  6 goblins
  4 hobgoblins
  11 jackals
  3 kobolds
  2 quokkas
  7 bats
  3 frilled lizards
  3 rats
126 creatures vanquished.

Vanquished Creatures (collateral kills)
  A bullfrog (D:4)
  An electric eel (D:6)
  A jelly (D:4)
  A hound (D:6)
  A gnoll (D:5)
  An adder (D:6)
  A kobold (D:2)
  A goblin (D:1)
  A rat (D:1)
9 creatures vanquished.

Vanquished Creatures (others)
  A fungus (D:2)
  4 plants (D:2)
5 creatures vanquished.

Grand Total: 140 creatures vanquished

Notes
Turn   | Place    | Note
-------+----------+-------------------------------------------
     0 | D:1      | jlumianski the Demonspawn Fighter began the quest for the
                  | Orb.
     0 | D:1      | Reached XP level 1. HP: 18/18 MP: 1/1
    83 | D:2      | Gained mutation: A weak demonic guardian rushes to your
                  | aid. [demonic ancestry]
    83 | D:2      | Reached XP level 2. HP: 21/24 MP: 2/2
   303 | D:1      | Reached skill level 2 in Axes
   310 | D:2      | Reached XP level 3. HP: 22/29 MP: 3/3
   495 | D:2      | Found a faded altar of an unknown god.
   996 | D:2      | Reached XP level 4. HP: 35/35 MP: 4/4
  1711 | D:3      | Reached skill level 3 in Axes
  2013 | D:3      | Reached XP level 5. HP: 37/42 MP: 5/5
  2199 | D:5      | Entered Level 5 of the Dungeon
  2321 | D:3      | Noticed a water moccasin
  2329 | D:3      | Killed a water moccasin
  2330 | D:3      | Reached skill level 4 in Axes
  2330 | D:3      | Gained mutation: A demonic guardian rushes to your aid.
                  | [demonic ancestry]
  2330 | D:3      | Reached XP level 6. HP: 44/48 MP: 6/6
  2607 | D:3      | Identified a scroll of acquirement
  2607 | D:3      | Acquired the +1 buckler "Caoba" {Str+5}
  2738 | D:4      | Found a staircase to the Ecumenical Temple.
  2753 | Temple   | Entered the Ecumenical Temple
  2825 | Temple   | Became a worshipper of Qazlal Stormbringer
  3034 | D:5      | Noticed an ice beast
  3044 | D:5      | Killed an ice beast
  3045 | D:5      | Reached skill level 1 in Invocations
  3606 | D:4      | Reached XP level 7. HP: 28/54 MP: 6/8
  3853 | D:5      | Reached skill level 5 in Axes
  4263 | D:5      | Noticed Eustachio
  4500 | D:6      | Found a shimmering altar of Xom.
  4556 | D:6      | Reached * piety under Qazlal
  4865 | D:5      | Killed Eustachio
  4866 | D:5      | Gained mutation: You are partially covered in rugged brown
                  | scales. (AC +1, +3% HP) [demonic ancestry]
  4866 | D:5      | Reached XP level 8. HP: 26/62 MP: 10/10
  5097 | D:6      | Reached skill level 5 in Fighting
  5259 | D:6      | Reached skill level 1 in Dodging
  5269 | D:6      | Gained mutation: You have sharp toenails. [potion of
                  | mutation]
  5269 | D:6      | Gained mutation: A frigid envelope surrounds you and
                  | freezes all who hurt you. [potion of mutation]
  5269 | D:6      | Gained mutation: You are agile. (Dex +4, Str/Int -1)
                  | [potion of mutation]
  5376 | D:6      | Reached skill level 1 in Throwing
  5432 | D:6      | Reached skill level 6 in Axes
  5739 | D:6      | Reached skill level 5 in Armour
  6281 | D:7      | Reached ** piety under Qazlal
  6337 | D:8      | Noticed a death yak
  6345 | D:7      | Slain by a death yak

Illustrated notes

Levels and vault maps discovered:
D:1:      co_arrival_square_in_a_square_in_a_square, layout_basic
D:2:      layout_basic, shapermc_ecumenical_altar_mp_ritualfount
D:3:      layout_loops_ring
D:4:      layout_layer_cave, minmay_temple_entry_tees, minivault_25
D:5:      layout_rooms, uniq_eustachio
D:6:      layout_gridville, mainiacjoe_overflow_alcove_1, minivault_23,
          nrook_loot_triangle, nicolae_water_bricks
D:7:      gammafunk_corrupted_shrine, layout_basic,
          mainiacjoe_overflow_two_lobes
D:8:      minmay_curly_fans, layout_gridville, mainiacjoe_overflow_alcove_2,
          dpeg_lair_monsters, gammafunk_ghost_abyssal_escape
Temple:   eino_temple_water

Skill      XL: |  1  2  3  4  5  6  7  8 |
---------------+-------------------------+-----
Axes           | 2 3 4 5 6 |  6.4
Armour         | 3 4 5 |  5.0
Shields        | 3 4 |  4.0
Fighting       | 4 5 |  5.7
Invocations    | 1 3 4 |  4.5
Dodging        | 1 |  1.1
Throwing       | 1 |  1.3

Action                   |  1- 3 |  4- 6 |  7- 9 || total
-------------------------+-------+-------+-------++-------
Melee: War axe           |    94 |   139 |   173 ||   406
Throw: Dart              |       |     6 |    17 ||    23
  Use: Scroll            |       |    16 |     4 ||    20
       Potion            |       |     2 |     4 ||     6
Armor: Scale mail        |    62 |     8 |       ||    70
       Chain mail        |       |    54 |   184 ||   238
Dodge: Dodged            |    53 |    56 |   110 ||   219
Block: Buckler           |    18 |    37 |    83 ||   138

Table legend: (Time is in decaauts)
 A = Elapsed time spent in this place.
 B = Non-inter-level travel time spent in this place.
 C = Inter-level travel time spent in this place.
 D = Time resting spent in this place.
 E = Time spent auto-exploring this place.
 F = Levels seen in this place.
 G = Mean time per level.
                   A        B        C        D        E       F      G
               +--------+--------+--------+--------+--------+-----+--------+
         Total |   6503 |   6381 |    122 |    568 |   3551 |   9 |  722.6 |
       Dungeon |   6381 |   6259 |    122 |    568 |   3535 |   8 |  797.6 |
        Temple |    121 |    121 |      0 |      0 |     16 |   1 |  121.0 |
               +--------+--------+--------+--------+--------+-----+--------+

Top non-repeatable levels by time:
     D:6: 1376 daAuts
     D:4: 1105 daAuts
     D:5: 1082 daAuts
     D:3: 897 daAuts
     D:1: 880 daAuts
     D:2: 863 daAuts
     D:7: 170 daAuts
  Temple: 121 daAuts
     D:8: 4 daAuts
